 Dungeon Crawl Stone Soup version 0.23.0 (webtiles) character file.

Game seed: 4456231723294987370

9946 doot the Transmogrifier (level 11, -29/78 HPs)
             Began as a Merfolk Transmuter on Feb 10, 2019.
             Was a Priest of Sif Muna.
             Annihilated by Rupert
             ... wielding a +4 great mace of protection
              (48 damage)
             ... on level 1 of the Orcish Mines.
             The game lasted 00:35:06 (11608 turns).

doot the Transmogrifier (Merfolk Transmuter)       Turns: 11608, Time: 00:35:06

Health: -29/78     AC:  7    Str: 11 (14) XL:     11   Next: 54%
Magic:  22/22      EV: 14    Int: 14 (16) God:    Sif Muna [***...]
Gold:   998        SH:  6    Dex: 13 (15) Spells: 15/25 levels left

rFire    . . .     SeeInvis .   L - +5 demon trident (venom)
rCold    . . .     Gourm    .   M - +0 shield
rNeg     . . .     Faith    .   m - +0 robe "Higiryig" {*Slow Regen+ Str+4}
rPois    .         Spirit   .   e - +1 helmet
rElec    .         Reflect  .   D - +2 cloak
rCorr    .         Harm     .   (no gloves)
MR       .....                  (no boots)
Stlth    +++.......             (no amulet)
HPRegen  0.63/turn              c - ring of ice
MPRegen  0.18/turn              g - ring of fire

@: no status effects
A: change form in water, swift swim, stealthy swim
a: Divine Energy, Channel Magic, Renounce Religion


You were on level 1 of the Orcish Mines.
You worshipped Sif Muna.
Sif Muna was most pleased with you.
You were not hungry.

You visited 3 branches of the dungeon, and saw 14 of its levels.

You collected 998 gold pieces.

Inventory:

Hand Weapons
 n - a +0 spear
 q - a +1 trident
 H - a +1 falchion of flaming
 L - a +5 demon trident of venom (weapon)
Missiles
 a - 49 arrows
Armour
 b - a +0 robe
 e - a +1 helmet (worn)
 m - the +0 robe "Higiryig" (worn) {*Slow Regen+ Str+4}
   (You found it on level 4 of the Dungeon)

   It affects your strength (+4).
   It increases your rate of regeneration.
   It may slow you when you take damage.
 p - a +0 cloak
 w - the +1 robe of Nywihom {+Fly rN+++ Str-5 Stlth+}
   (You found it on level 5 of the Dungeon)

   It affects your strength (-5).
   It renders you almost immune to negative energy.
   It lets you fly.
   It makes you more stealthy.
 D - a +2 cloak (worn)
 M - a +0 shield (worn)
Jewellery
 c - a ring of ice (left hand)
 g - a ring of fire (right hand)
 t - an uncursed ring of positive energy
 F - an uncursed ring of positive energy
 J - a +1 ring of evasion
Wands
 v - a wand of digging (3)
 C - a wand of paralysis (4)
Scrolls
 f - 3 scrolls of fear
 h - a scroll of amnesia
 i - 11 scrolls of identify
 j - 2 scrolls of immolation
 k - 2 scrolls of enchant armour
 r - a scroll of random uselessness {unknown}
 y - a scroll of teleportation
 A - 3 scrolls of remove curse
 E - a scroll of holy word
 I - a scroll of fog {unknown}
 K - a scroll of magic mapping {unknown}
Potions
 l - 3 potions of cancellation
 o - 3 potions of curing
 s - a potion of might
 B - a potion of agility {unknown}
 G - a potion of brilliance {unknown}
Comestibles
 d - 23 rations
 x - 6 chunks of flesh


   Skills:
 + Level 4.7 Fighting
 + Level 6.4 Polearms
 + Level 9.0 Dodging
 + Level 5.1 Stealth
 + Level 10.4 Unarmed Combat
 + Level 7.5 Spellcasting
 + Level 10.4 Transmutations
 + Level 3.2 Poison Magic


You had 15 spell levels left.
You knew the following spells:

 Your Spells              Type           Power        Failure   Level  Hunger
b - Sticks to Snakes      Tmut           ####....     1%          2    None
c - Spider Form           Tmut/Pois      ###.......   17%         3    ##.....
d - Blade Hands           Tmut           ####......   34%         5    #####..

Your spell library contained the following spells:

 Spells                   Type           Power        Failure   Level  Hunger
 Beastly Appendage        Tmut           ####..       1%          1    None
 Animate Skeleton         Necr           N/A          67%         1    None
 Apportation              Tloc           #.....       67%         1    None
 Confusing Touch          Hex            #.....       67%         1    None
 Summon Small Mammal      Summ           #...         67%         1    None
 Ice Form                 Ice/Tmut       ####....     73%         4    ####...


Dungeon Overview and Level Annotations

Branches:
Dungeon (11/15)            Temple (1/1) D:6            Lair (0/6) D:10
    Orc (2/2) D:9
    Elf: Orc:2

Altars:
Ashenzari
Cheibriados
Elyvilon
Fedhas
Gozag
Hepliaklqana
Makhleb
Qazlal
Sif Muna
Trog
Uskayaw
Vehumet
Xom
Yredelemnul
Zin
The Shining One
Beogh

Annotations:
D:5 2 runed translucent doors, feelmyfire's ghost, novice HOBe
Orc:1 3 runed translucent doors, Rupert; coffeespoons's ghost, journeyman MiBe


Message History

Rupert roars madly and goes into a rage!
Rupert goes berserk!
Rupert hits you with a +4 great mace of protection!!
The orc sorcerer shouts, "You are history!"
There is a stone staircase leading up, spattered with blood here.
Unknown command.
Rupert hits you with a +4 great mace of protection!!
You climb upwards.
Level annotation: 3 runed translucent doors, coffeespoons's ghost, journeyman MiBe
There is a stone staircase leading down here.
Things that are here:
a +0 leather armour; a +0 flail; an orc skeleton Rupert hits you with a +4 great mace of protection!
* * * LOW HITPOINT WARNING * * *
It was a potion of degeneration.
There was something very wrong with that liquid.
You feel weakened.
You feel dopey.
You feel clumsy.
Rupert hits you with a +4 great mace of protection!!!
Ouch! That really hurt!
You die...

....##.#......#
...###.#..##.##
^.###........##
.###........[.#
##............####
......).).[...[..##
#......#......[>..##
.......##.......@..#####
.......#####....@..##..##
.......####.............#
......###..........##..##
..................######
.................##
................##
###..........#..## #
##.............#
##........##.##


You could see Rupert (berserk).

Vanquished Creatures
  A hydra (D:9)
  A two-headed ogre (D:10)
  An unseen horror (D:10)
  A centaur skeleton (D:10)
  A komodo dragon (D:6)
  2 trolls (D:11)
  2 dream sheep (D:9)
  3 hippogriffs
  A wyvern (D:8)
  8 yaks
  A steam dragon (D:10)
  A warg (Orc:1)
  2 sky beasts
  6 orc warriors
  2 black bears
  2 phantoms
  2 ogres (Orc:1)
  An ice beast (D:8)
  3 centaurs
  3 big kobolds (D:9)
  7 bullfrogs
  A scorpion (D:10)
  4 killer bees (D:11)
  9 howler monkeys
  3 crimson imps
  A quasit (D:10)
  3 centaur zombies
  2 bullfrog skeletons (D:8)
  5 hounds
  A jelly (D:9)
  15 orc wizards
  7 orc priests
  3 iguanas
  10 worker ants
  A hound skeleton (D:5)
  7 gnolls
  7 adders
  A shadow imp (D:5)
  An ooze (D:3)
  5 dart slugs
  8 leopard geckos
  39 orcs
  2 ball pythons
  4 giant cockroaches
  8 goblins
  8 hobgoblins
  10 jackals
  8 kobolds
  3 quokkas
  4 bats
  3 frilled lizards
  A jackal skeleton (D:4)
  A leopard gecko zombie (D:8)
  A quokka skeleton (D:4)
  4 rats
  A spectral orc (D:4)
242 creatures vanquished.

Vanquished Creatures (collateral kills)
  Urug (D:11)
  A porcupine (D:10)
  An adder (D:10)
  A rat (D:1)
4 creatures vanquished.

Vanquished Creatures (others)
  An orc (D:6)
  A fungus (D:10)
2 creatures vanquished.

Grand Total: 248 creatures vanquished

Notes
Turn   | Place    | Note
-------+----------+-------------------------------------------
     0 | D:1      | doot the Merfolk Transmuter began the quest for the Orb.
     0 | D:1      | Reached XP level 1. HP: 15/15 MP: 3/3
    81 | D:1      | Reached XP level 2. HP: 9/21 MP: 3/5
    94 | D:1      | Learned a level 2 spell: Sticks to Snakes
   638 | D:2      | Reached XP level 3. HP: 13/26 MP: 2/6
   665 | D:3      | HP: 1/26 [poisoned by an adder]
  1133 | D:4      | Learned a level 3 spell: Spider Form
  1283 | D:4      | Reached XP level 4. HP: 32/32 MP: 0/7
  1293 | D:4      | Got a heavily jewelled robe
  1306 | D:4      | Noticed a bullfrog
  1346 | D:4      | Identified the cursed +0 robe "Higiryig" {*Slow Regen+
                  | Str+4} (You found it on level 4 of the Dungeon)
  1491 | D:4      | Killed a bullfrog
  1491 | D:4      | Reached skill level 5 in Unarmed Combat
  1491 | D:4      | Reached XP level 5. HP: 29/38 MP: 7/9
  1557 | D:4      | Reached skill level 1 in Stealth
  1630 | D:4      | Reached XP level 6. HP: 35/44 MP: 7/10
  1900 | D:5      | Entered Level 5 of the Dungeon
  2205 | D:5      | Found a large runed translucent door.
  2205 | D:5      | Found a large runed translucent door.
  2205 | D:5      | Noticed feelmyfire's ghost (novice HOBe)
  2224 | D:5      | Found a glowing silver altar of Zin.
  2270 | D:5      | Reached skill level 1 in Poison Magic
  2333 | D:5      | Learned a level 5 spell: Blade Hands
  2560 | D:5      | Noticed a phantom
  2571 | D:5      | Killed a phantom
  2571 | D:5      | Reached XP level 7. HP: 45/50 MP: 5/12
  2579 | D:5      | Found a snail-covered altar of Cheibriados.
  2732 | D:6      | Found a staircase to the Ecumenical Temple.
  2741 | Temple   | Entered the Ecumenical Temple
  2751 | Temple   | Became a worshipper of Sif Muna the Loreminder
  2795 | D:6      | Found a blossoming altar of Fedhas.
  2834 | D:6      | Reached skill level 1 in Polearms
  3266 | D:4      | Found a basalt altar of Yredelemnul.
  3794 | D:2      | Found a bloodstained altar of Trog.
  3961 | D:2      | Found a stormy altar of Qazlal.
  4175 | D:2      | Found a shattered altar of Ashenzari.
  4755 | D:3      | Found a faded altar of an unknown god.
  5197 | D:5      | Got a tattered robe
  5214 | D:5      | Identified the cursed +1 robe of Nywihom {+Fly rN+++ Str-5
                  | Stlth+} (You found it on level 5 of the Dungeon)
  5521 | D:6      | Found a white marble altar of Elyvilon.
  5532 | D:6      | Reached skill level 5 in Dodging
  5557 | D:6      | Found a hide-covered altar of Uskayaw.
  5570 | D:6      | Reached XP level 8. HP: 41/57 MP: 9/13
  5658 | D:6      | Found a white marble altar of Elyvilon.
  6135 | D:6      | Noticed a komodo dragon
  6166 | D:6      | Killed a komodo dragon
  6166 | D:6      | Reached skill level 5 in Polearms
  6697 | D:7      | Reached skill level 5 in Transmutations
  6739 | D:7      | Reached * piety under Sif Muna
  6755 | D:7      | Reached XP level 9. HP: 49/64 MP: 8/15
  7668 | D:8      | Found a shimmering altar of Xom.
  7669 | D:8      | Found a burning altar of Makhleb.
  8390 | D:9      | Found a hazy altar of Hepliaklqana.
  8756 | D:9      | Found a glowing golden altar of the Shining One.
  8836 | D:9      | Reached skill level 5 in Spellcasting
  8859 | D:9      | Reached ** piety under Sif Muna
  9046 | D:9      | Reached XP level 10. HP: 71/71 MP: 11/17
  9178 | D:9      | Found a staircase to the Orcish Mines.
  9362 | D:9      | Noticed a three-headed hydra
  9367 | D:9      | Killed a one-headed hydra
  9601 | D:10     | Entered Level 10 of the Dungeon
  9773 | D:10     | Killed an unseen horror
  9902 | D:10     | Noticed a two-headed ogre
  9917 | D:10     | Reached XP level 11. HP: 72/78 MP: 11/20
  9925 | D:10     | Reached skill level 5 in Stealth
  9930 | D:10     | Killed a two-headed ogre
  9930 | D:10     | Reached *** piety under Sif Muna
  9930 | D:10     | Reached skill level 10 in Unarmed Combat
 10147 | D:10     | Found a staircase to the Lair.
 10593 | D:11     | Reached skill level 10 in Transmutations
 10857 | D:11     | Noticed Urug
 10896 | D:11     | Killed Urug
 10904 | D:11     | Noticed an eight-headed hydra
 11243 | Orc:1    | Entered Level 1 of the Orcish Mines
 11346 | Orc:2    | Entered Level 2 of the Orcish Mines
 11348 | Orc:2    | Noticed Rupert
 11356 | Orc:2    | Noticed an orc sorcerer
 11362 | Orc:2    | Paralysed by an orc sorcerer for 4 turns
 11366 | Orc:2    | Noticed an orc sorcerer
 11534 | Orc:1    | Found a runed translucent gate.
 11534 | Orc:1    | Found a runed translucent gate.
 11534 | Orc:1    | Found a runed translucent gate.
 11537 | Orc:1    | Noticed coffeespoons's ghost (journeyman MiBe)
 11539 | Orc:1    | Noticed an orc knight
 11539 | Orc:1    | Identified the +10 demon whip of Avocuox {venom, *Contam
                  | Str+4 Int+6}
 11539 | Orc:1    | Noticed an orc knight
 11539 | Orc:1    | Noticed an orc high priest
 11540 | Orc:1    | Found a roughly hewn altar of Beogh.
 11540 | Orc:1    | Noticed an orc knight
 11608 | Orc:1    | Annihilated by Rupert

Skill      XL: |  1  2  3  4  5  6  7  8  9 10 11 |
---------------+----------------------------------+-----
Dodging        | 3 4 5 6 7 8 9 |  9.0
Unarmed Combat | 4 5 6 7 8 9 10 | 10.4
Transmutations | 3 4 5 6 9 10 | 10.4
Stealth        | 1 2 3 4 5 |  5.1
Spellcasting   | 3 4 5 6 7 |  7.5
Fighting       | 2 3 4 |  4.7
Poison Magic   | 1 2 3 |  3.2
Polearms       | 3 5 6 |  6.4

Action                   |  1- 3 |  4- 6 |  7- 9 | 10-12 || total
-------------------------+-------+-------+-------+-------++-------
Melee: Unarmed           |    74 |    87 |   171 |   174 ||   506
       Headbutt          |     5 |     4 |     4 |     1 ||    14
       Tailslap          |     1 |       |     1 |       ||     2
       Punch             |       |     3 |     3 |     4 ||    10
       Trident           |       |     5 |   220 |    33 ||   258
       Spear             |       |     4 |       |       ||     4
       Falchion          |       |       |       |     4 ||     4
       Demon trident     |       |       |       |     3 ||     3
 Cast: Beastly Appendage |     6 |     5 |     6 |     2 ||    19
       Sticks to Snakes  |     2 |       |     1 |    22 ||    25
       Spider Form       |     2 |     7 |    17 |     7 ||    33
       Blade Hands       |       |     1 |    13 |    16 ||    30
 Abil: End Transformatio |       |     1 |       |       ||     1
  Use: Scroll            |       |       |     3 |    13 ||    16
       Potion            |       |       |     2 |     2 ||     4
 Stab: Sleeping          |     1 |       |    11 |     4 ||    16
       Distracted        |       |       |     3 |     1 ||     4
  Eat: Chunk             |     2 |     5 |    21 |     7 ||    35
       Ration            |       |       |     2 |     2 ||     4
Armor: Robe              |     6 |     7 |    47 |    22 ||    82
       Skin              |       |     3 |     1 |     5 ||     9
Dodge: Dodged            |    43 |    64 |   297 |   151 ||   555
Block: Shield            |       |       |       |     1 ||     1
